 Dungeon Crawl Stone Soup version 0.29-a0-613-gf2c431b9b9 (webtiles) character file.

Game seed: 3531590763682614846

1 blackman the Sneak (level 1, 0/18 HPs)
             Began as a Human Delver on June 16, 2022.
             Was an Initiate of Zin.
             Slain by an adder (1 damage)
             ... on level 3 of the Dungeon.
             The game lasted 00:04:01 (348 turns).

blackman the Sneak (Human Delver)                    Turns: 348, Time: 00:04:02

Health: 0/18       AC:  3    Str: 12    XL:     1   Next: 22%
Magic:  1/1        EV: 12    Int: 10    God:    Zin [......]
Gold:   0          SH:  5    Dex: 14    Spells: 0/0 levels left

rFire   . . .      SeeInvis .   a - +0 falchion
rCold   . . .      Faith    .   (no shield)
rNeg    . . .      Spirit   .   b - +0 leather armour
rPois   .          Reflect  +   (no helmet)
rElec   .          Harm     .   (no cloak)
rCorr   .          Rampage  .   (no gloves)
Will    .....                   (no boots)
Stlth   +++.......              e - amulet of reflection
HPRegen 0.06/turn               (no ring)
MPRegen 0.07/turn               (no ring)

@: hasted, very quick
A: no striking features
a: Renounce Religion, Donate Gold


You were on level 3 of the Dungeon.
You worshipped Zin.
Zin was noncommittal.
You visited 2 branches of the dungeon, and saw 4 of its levels.

Inventory:

Hand Weapons
 a - a +0 falchion (weapon)
Missiles
 d - 2 poisoned darts (quivered)
Armour
 b - a +0 leather armour (worn)
Jewellery
 e - an amulet of reflection (around neck)
Wands
 g - a wand of digging (1)
Scrolls
 c - a scroll of fog


   Skills:
 - Level 3.0 Fighting
 + Level 2.1 Long Blades
 - Level 2.0 Dodging
 - Level 5.0 Stealth


You couldn't memorise any spells.
You didn't know any spells.
Your spell library was empty.

Dungeon Overview and Level Annotations

Branches:
Dungeon (5/15)             Temple (1/1) D:4

Altars:
Ashenzari
Cheibriados
Dithmenos
Elyvilon
Fedhas
Gozag
Hepliaklqana
Kikubaaqudgha
Makhleb
Nemelex Xobeh
Okawaru
Qazlal
Ru
Sif Muna
Trog
Uskayaw
Vehumet
Xom
Yredelemnul
Zin
The Shining One

Annotations:
D:3 Pargi


Message History

You start putting on your amulet.
You continue putting on your amulet of reflection.
You feel sick.
You continue putting on your amulet of reflection.
The adder barely misses you.
You continue putting on your amulet of reflection.
You feel sick. The adder barely misses you.
You continue putting on your amulet of reflection.
You feel sick. The adder bites you.
* * * LOW HITPOINT WARNING * * *
You continue putting on your amulet of reflection.
The adder misses you.
You finish putting on your amulet of reflection.
You feel a shielding aura gather around you.
e - an amulet of reflection (around neck)
You feel sick.
You are no longer poisoned.
Throw: 3 darts (poison)
Press: ? - help, Q - select action Shift-Dir - straight line, f - adder
Aim: an adder (40% to hit)
You throw a poisoned dart. The poisoned dart misses the adder.
The poisoned dart hits the adder.
The adder is poisoned.
You hit the adder.
The adder is lightly wounded.
The adder bites you.
* * * LOW HITPOINT WARNING * * *
You closely miss the adder.
The adder is lightly wounded.
The adder looks more healthy.
The adder closely misses you.
You barely miss the adder.
The adder is lightly wounded.
The adder closely misses you.
You barely miss the adder.
The adder is lightly wounded.
The adder completely misses you.
You closely miss the adder.
The adder is lightly wounded.
The adder bites you.
You die...

#....................#
#......####S.........#
#.....?# #####(######
######## #.# #.# #.#
#S# #S# #@# ###


You could see 2 adders.

Vanquished Creatures
  A hobgoblin (D:4)
1 creature vanquished.

Notes
Turn   | Place    | Note
-------+----------+-------------------------------------------
     0 | D:5      | blackman the Human Delver began the quest for the Orb.
     0 | D:5      | Reached XP level 1. HP: 18/18 MP: 1/1
    20 | D:5      | Noticed an orc wizard
    73 | D:4      | Noticed an iguana
    82 | D:4      | Found a staircase to the Ecumenical Temple.
    90 | Temple   | Entered the Ecumenical Temple
   273 | Temple   | Became a worshipper of Zin the Law-Giver
   313 | D:3      | Noticed Pargi
   348 | D:3      | Slain by an adder

Illustrated notes

Levels and vault maps discovered:
D:3:      layout_rooms, nzn_wu_jian_contemplation, wad_woods_river_04,
          uniq_pargi
D:4:      layout_layer_cave, minmay_temple_entry_wispy, uniq_menkaure, uniq_ijyb
D:5:      layout_loops_ring
Temple:   mainiacjoe_temple_archimedes_tessellation

Action                   || total
-------------------------++-------
Melee: Falchion          ||     7
Throw: Dart              ||     1
Evoke: Wand              ||     2
  Use: Scroll            ||     2
       Potion            ||     1
Armor: Leather armour    ||     2
Dodge: Dodged            ||    10

Table legend: (Time is in decaauts)
 A = Elapsed time spent in this place.
 B = Non-inter-level travel time spent in this place.
 C = Inter-level travel time spent in this place.
 D = Time resting spent in this place.
 E = Time spent auto-exploring this place.
 F = Levels seen in this place.
 G = Mean time per level.
                   A        B        C        D        E       F      G
               +--------+--------+--------+--------+--------+-----+--------+
         Total |    336 |    302 |     34 |      0 |    153 |   4 |   84.0 |
       Dungeon |    135 |    124 |     11 |      0 |      0 |   3 |   45.0 |
        Temple |    200 |    177 |     23 |      0 |    153 |   1 |  200.0 |
               +--------+--------+--------+--------+--------+-----+--------+

Top non-repeatable levels by time:
  Temple: 200 daAuts
     D:4: 74 daAuts
     D:3: 32 daAuts
     D:5: 29 daAuts
